 Seeded DCSS version 0.31-a0-182-gc5ef74bbde (webtiles) character file.

Game seed: 17470652125493844045 (custom seed)

1365 innerfire43 the Basher (level 8, 0/60 HPs)
             Began as a Demonspawn Monk on June 20, 2023.
             Was a Priest of Trog.
             Slain by an ogre
             ... wielding a +0 giant club
              (6 damage)
             ... on level 6 of the Dungeon.
             The game lasted 00:05:15 (4467 turns).

innerfire43 the Basher (Demonspawn Monk)            Turns: 4467, Time: 00:05:16

Health: 0/60       AC: 29    Str: 13    XL:     8   Next: 38%
Magic:  0/8        EV:  4    Int: 15    God:    Trog [***...]
Gold:   371        SH:  0    Dex: 16    Spells: 7/7 levels left

rFire   . . .        t - +4 mace of Ynkeggo {heavy, *Noise Will+ Int+3 Stlth+}
rCold   . . .        d - orb {light}
rNeg    . . .        s - +15 Maxwell's patent armour {-Cast -Tele rElec Will+ rCorr}
rPois   .            r - +0 helmet
rElec   +            (no cloak)
rCorr   +            (gloves unavailable)
SInv    .            (no boots)
Will    ++...        g - amulet of guardian spirit Stlth
                     (no ring)
HPRegen 0.30/turn    (no ring)
MPRegen 0.22/turn

%: no teleportation, no spellcasting, guardian spirit
@: glowing
A: claws 3, icy blue scales 1, magic regeneration
a: Renounce Religion, Berserk, Trog's Hand


You were on level 6 of the Dungeon.
You worshipped Trog.
Trog was most pleased with you.
You visited 1 branch of the dungeon, and saw 6 of its levels.
You also visited: Ossuary.

You collected 371 gold pieces.

Inventory:

Hand Weapons
 a - a +0 mace
 t - the +4 mace of Ynkeggo (weapon) {heavy, *Noise Will+ Int+3 Stlth+}
   (You found it on level 3 of the Dungeon)

   Int:       It affects your intelligence (+3).
   *Noise:    It may make noises in combat.
   Will:      It increases your willpower.
   Stlth:     It makes you more stealthy.
Armour
 b - a +0 robe
 d - an orb of light (worn)
 q - a +0 pair of gloves
 r - a +0 helmet (worn)
 s - the +15 Maxwell's patent armour (worn) {-Cast -Tele rElec Will+ rCorr}
   (You acquired it on level 4 of the Dungeon)

   rElec:     It insulates you from electricity.
   -Cast:     It prevents spellcasting.
   -Tele:     It prevents most forms of teleportation.
   rCorr:     It protects you from acid and corrosion.
   Will:      It increases your willpower.
Jewellery
 e - an amulet of magic regeneration
 g - an amulet of guardian spirit (around neck)
 u - a ring of see invisible
 x - a ring of flight
 y - a ring of protection from cold
Scrolls
 h - 2 scrolls of teleportation {unknown}
 i - a scroll of amnesia {unknown}
 j - a scroll of noise {unknown}
 l - 3 scrolls of immolation {unknown}
 m - a scroll of revelation {unknown}
 n - 6 scrolls of identify {unknown}
 w - a scroll of enchant armour {unknown}
 z - 2 scrolls of fog {unknown}
 A - a scroll of brand weapon {unknown}
 F - a scroll of blinking {unknown}
 G - a scroll of fear {unknown}
 H - a scroll of butterflies {unknown}
Potions
 c - a potion of ambrosia
 f - a potion of curing
 k - a potion of cancellation {unknown}
 o - a potion of might {unknown}
 p - a potion of heal wounds {unknown}
 v - a potion of brilliance {unknown}
 B - a potion of mutation {unknown}
 C - 2 potions of lignification {unknown}
 D - 2 potions of degeneration {unknown}
 E - a potion of enlightenment {unknown}
 I - a potion of attraction {unknown}


   Skills:
 + Level 4.3 Fighting
 + Level 8.2 Maces & Flails
 * Level 4.0 Armour
 - Level 2.8 Dodging
 - Level 1.2 Stealth


You had 7 spell levels left.
You didn't know any spells.
Your spell library contained the following spells:

 Spells                   Type           Power      Damage    Failure   Level
 Magic Dart               Conj           0%         1d3       100%        1
 Call Imp                 Summ           0%         N/A       100%        2
 Mephitic Cloud           Conj/Pois/Air  0%         N/A       100%        3


Dungeon Overview and Level Annotations

Branches:
Dungeon (6/15)            Ossuary (visited)
 Temple: D:4-7

Altars:
Gozag
Qazlal
Trog


Innate Abilities, Weirdness & Mutations

You have claws for hands.
You are partially covered in icy blue scales. (AC +2)
You regenerate magic rapidly.


Message History

The steam dragon barely misses you.
The steam dragon claws you but does no damage.
The orc hits you but does no damage.
An orc comes into view. It is wielding a +0 short sword.
You thump the steam dragon!
You kill the steam dragon!
Trog accepts your kill.
The orc wizard hits you but does no damage.
The orc is engulfed in a cloud of scalding steam.
The orc dies!
You hit the orc wizard.
The orc wizard is lightly wounded.
Your skin stops crawling.
You feel less strong-willed.
The orc wizard hits you but does no damage.
An orc comes into view. It is wielding a +0 club.
The orc wizard hits you but does no damage.
You sock the orc wizard!
You kill the orc wizard!
Trog accepts your kill.
Trog appreciates your killing of a magic user.
Reactivating autopickup.
The ogre hits you with a +0 giant club.
* * * LOW HITPOINT WARNING * * *
Your Armour skill increases to level 4!
You sock the ogre!
Your mace of Ynkeggo cheers you on.
The ogre is heavily wounded.
You hear a bark!
You hear an angry hiss.
The orc hits you but does no damage.
The water moccasin bites you but does no damage.
The ogre hits you but does no damage.
The water moccasin bites you but does no damage.
The iguana bites you but does no damage.
The orc barely misses you.
You hit the ogre.
The ogre is severely wounded.
You hear the slow rusting of a distant drain.
The water moccasin bites you but does no damage.
The ogre hits you with a +0 giant club!
You die...

:...........##...
.................
.................
.......<.........
.................
...........o.....
#.......oo..#####
.......lOo....#
.......)@S#..##
........))...#
#.......##.#.#
......# .....
##.... .##...
#"... .. #. #...#
# ##..


You could see a water moccasin, an ogre, an iguana and 4 orcs.

Vanquished Creatures
  A wraith (Ossuary)
  Eustachio (D:4)
  2 steam dragons (D:6)
  Menkaure (D:6)
  2 black bears
  A scorpion (D:4)
  2 howler monkeys
  A jelly (D:4)
  An orc priest (D:6)
  An iguana (D:5)
  A sleepcap (D:4)
  Natasha (twice) (D:4)
  3 orc wizards
  A mummy (Ossuary)
  5 adders
  4 dart slugs
  A worm (D:4)
  7 orcs
  3 ball pythons
  7 endoplasms
  2 giant cockroaches (D:1)
  13 hobgoblins
  4 quokkas
  2 bats (D:1)
  3 frilled lizards
  4 gnoll skeletons (Ossuary)
  8 goblins
  9 kobolds
  5 kobold skeletons (Ossuary)
  16 orc skeletons (Ossuary)
  3 rats (D:1)
116 creatures vanquished.

Vanquished Creatures (others)
  An adder (D:6)
  5 orcs (D:6)
6 creatures vanquished.

Grand Total: 122 creatures vanquished

Notes
Turn   | Place    | Note
-------+----------+-------------------------------------------
     0 | D:1      | innerfire43 the Demonspawn Monk began the quest for the
                  | Orb.
     0 | D:1      | Reached XP level 1. HP: 18/18 MP: 1/1
    97 | D:1      | Reached skill level 3 in Maces & Flails
   106 | D:1      | Gained mutation: You have sharp fingernails. [demonic
                  | ancestry]
   106 | D:1      | Reached XP level 2. HP: 17/24 MP: 2/2
   479 | D:1      | Gained mutation: You regenerate magic rapidly. [demonic
                  | ancestry]
   479 | D:1      | Reached XP level 3. HP: 25/29 MP: 3/3
   822 | D:1      | Reached skill level 4 in Maces & Flails
  1612 | D:2      | Reached XP level 4. HP: 25/35 MP: 4/4
  2225 | D:3      | Identified the +4 mace of Ynkeggo {heavy, *Noise Will+
                  | Int+3 Stlth+}
  2235 | D:3      | Found an opulent altar of Gozag.
  2608 | D:4      | Found a bloodstained altar of Trog.
  2634 | D:4      | Became a worshipper of Trog the Wrathful
  2634 | D:4      | Reached * piety under Trog
  2634 | D:4      | Reached ** piety under Trog
  2786 | D:4      | Noticed a scorpion
  2791 | D:4      | Killed a scorpion
  2792 | D:4      | Reached skill level 5 in Maces & Flails
  2792 | D:4      | Reached skill level 1 in Stealth
  2792 | D:4      | Gained mutation: You have very sharp fingernails. [demonic
                  | ancestry]
  2792 | D:4      | Reached XP level 5. HP: 41/41 MP: 5/5
  2984 | D:4      | Noticed Natasha
  2986 | D:4      | Killed Natasha
  3038 | D:4      | Gained mutation: You are partially covered in icy blue
                  | scales. (AC +2) [demonic ancestry]
  3038 | D:4      | Reached XP level 6. HP: 47/47 MP: 6/6
  3038 | D:4      | Identified a scroll of acquirement
  3038 | D:4      | Acquired the +15 Maxwell's patent armour {-Cast -Tele rElec
                  | Will+ rCorr}
  3038 | D:4      | Found the +15 Maxwell's patent armour {-Cast -Tele rElec
                  | Will+ rCorr}
  3098 | D:4      | Identified the +6 dagger "Lioch" {drain, rPois rN+ MP-9}
  3217 | D:4      | Noticed Eustachio
  3222 | D:4      | Killed Eustachio
  3223 | D:4      | Reached skill level 6 in Maces & Flails
  3426 | D:4      | Noticed Natasha
  3432 | D:4      | Killed Natasha
  3433 | D:4      | Reached skill level 1 in Armour
  3570 | D:5      | Entered Level 5 of the Dungeon
  3634 | D:5      | Reached XP level 7. HP: 52/52 MP: 7/7
  3711 | D:5      | Found a sand-covered staircase.
  3728 | Ossuary  | Entered an ossuary
  3728 | Ossuary  | Noticed a wraith
  3728 | Ossuary  | Noticed a wraith
  3728 | Ossuary  | Noticed a wraith
  3781 | Ossuary  | Noticed a wraith
  3797 | Ossuary  | Killed a wraith
  3798 | Ossuary  | Reached skill level 7 in Maces & Flails
  3934 | D:5      | Reached *** piety under Trog
  4394 | D:5      | Found a stormy altar of Qazlal.
  4433 | D:6      | Noticed Menkaure
  4440 | D:6      | Killed Menkaure
  4443 | D:6      | Noticed a steam dragon
  4451 | D:6      | Noticed a steam dragon
  4456 | D:6      | Killed a steam dragon
  4457 | D:6      | Gained mutation: You have claws for hands. [demonic
                  | ancestry]
  4457 | D:6      | Reached XP level 8. HP: 10/60 MP: 3/8
  4461 | D:6      | Reached skill level 8 in Maces & Flails
  4467 | D:6      | Slain by an ogre

Illustrated notes

Levels and vault maps discovered:
D:1:      minmay_arrival_four_loops, layout_basic, minmay_three_crescents
D:2:      layout_basic
D:3:      layout_rooms, grunt_gozag_breadcrumbs, minmay_gold_behind_fungi
D:4:      nicolae_cairo_tiling_very_big, layout_loops_corners, zin_statuary,
          trog_hazing_becter, nrook_mini_backslash, solitary_fountain,
          uniq_eustachio, uniq_natasha
D:5:      nicolae_cairo_tiling, layout_gridville,
          nicolae_qazlal_scattered_showers, enter_ossuary_1
D:6:      layout_cave_pools, lightli_sewer_entry_pipes, uniq_crazy_yiuf_cottage,
          uniq_menkaure

Skill      XL: |  1  2  3  4  5  6  7  8 |
---------------+-------------------------+-----
Maces & Flails | 3 4 5 6 7 8 |  8.2
Stealth        | 1 |  1.2
Armour         | 1 3 4 |  4.0
Fighting       | 4 |  4.3
Dodging        | |  2.8

Action                     |  1- 3 |  4- 6 |  7- 9 || total
---------------------------+-------+-------+-------++-------
  Melee: Mace              |   114 |    67 |    91 ||   272
 Invoke: Trog's Hand       |       |       |     2 ||     2
    Use: Scroll            |       |     1 |       ||     1
         Potion            |       |       |     3 ||     3
 Armour: Robe              |    14 |    26 |       ||    40
         Plate armour      |       |    19 |   219 ||   238
  Dodge: Dodged            |    67 |    45 |    35 ||   147

Table legend: (Time is in decaauts)
 A = Elapsed time spent in this place.
 B = Non-inter-level travel time spent in this place.
 C = Inter-level travel time spent in this place.
 D = Time resting spent in this place.
 E = Time spent auto-exploring this place.
 F = Levels seen in this place.
 G = Mean time per level.
                   A        B        C        D        E       F      G
               +--------+--------+--------+--------+--------+-----+--------+
         Total |   4579 |   4527 |     52 |      0 |   3649 |   7 |  654.1 |
       Dungeon |   4367 |   4315 |     52 |      0 |   3552 |   6 |  727.8 |
       Ossuary |    212 |    212 |      0 |      0 |     97 |   1 |  212.0 |
               +--------+--------+--------+--------+--------+-----+--------+

Top non-repeatable levels by time:
     D:1: 1155 daAuts
     D:4: 1046 daAuts
     D:2: 841 daAuts
     D:5: 687 daAuts
     D:3: 588 daAuts
 Ossuary: 212 daAuts
     D:6: 48 daAuts
